Map: Neon Violet Square LE

Players

Namshar

  • Race: Zerg Zerg
  • League: Master
  • Spawn Location: 5:00

Stephano - Winner!

  • Race: Zerg Zerg
  • League: Grandmaster
  • Spawn Location: 11:00

Event: WESG Barcelona European Finals 2017

VOD

Have the link to the VOD?

Description

Time

  • Played on: Nov. 23, 2017, 7:28 a.m.
  • Length: 27:23

All games in this series

Show
View Real Time Build Order
Export as new Build Order

Namshar Zerg 

Build Orders: Hatch First, Lurkers 

Get SALT Encoding   

  12  0:00  Drone  
  13  0:12  Overlord  
  13  0:17  Drone  
  14  0:31  Drone x2  
  14  0:34  Drone  
  17  0:52  Hatchery  
  17  0:55  Drone  
  17  0:58  Drone  
  18  1:09  Extractor  
  17  1:13  Spawning Pool  
  17  1:16  Drone  
  17  1:19  Drone  
  18  1:28  Drone  
  19  1:38  Overlord  
  19  1:49  Drone  
  20  2:00  Zergling x2, Queen  
  23  2:04  Zergling x2, Queen  
  26  2:08  Metabolic Boost  
  26  2:11  Drone  
  27  2:15  Drone  
  27  2:21  Drone  
  29  2:25  Drone  
  30  2:30  Baneling Nest  
  30  2:32  Zergling x2  
  30  2:40  Drone  
  30  2:43  Zergling x2  
  32  2:51  Hatchery  
  32  2:56  Overlord  
  31  3:00  Drone  
  31  3:04  Drone  
  33  3:14  Drone x2  
  33  3:15  Drone x2  
  33  3:17  Drone x2  
  39  3:21  Overlord  
  39  3:26  Baneling x2  
  39  3:28  Drone x2  
  39  3:30  Zergling x2  
  42  3:36  Overlord  
  42  3:39  Queen  
  41  3:49  Drone x3  
  41  3:53  Baneling  
  43  3:57  Zergling x4  
  43  3:59  Drone, Roach Warren  
  43  4:02  Drone x2  
  47  4:09  Zergling x2  
  48  4:14  Drone x4  
  51  4:21  Lair  
  51  4:23  Evolution Chamber  
  49  4:25  Drone x2  
  49  4:29  Drone  
  49  4:30  Drone x3, Extractor  
  49  4:31  Extractor  
  53  4:35  Zergling x2  
  54  4:46  Drone x3  
  54  4:49  Zerg Missile Weapons Level 1  
  57  4:55  Zergling x4  
  57  5:00  Baneling  
  57  5:01  Drone  
  57  5:05  Overlord x5  
  57  5:20  Glial Reconstitution  
  56  5:24  Roach x3  
  56  5:25  Roach x2  
  67  5:28  Drone  
  67  5:29  Drone  
  67  5:30  Drone  
  67  5:34  Drone  
  70  5:40  Baneling x2  
  68  5:44  Drone, Extractor  
  68  5:45  Drone x3  
  68  5:46  Drone  
  68  5:47  Drone x7  
  68  5:49  Extractor  
  77  5:50  Extractor  
  76  5:58  Hatchery  
  76  6:03  Drone x3  
  78  6:04  Drone  
  78  6:09  Drone  
  78  6:10  Hydralisk Den  
  78  6:12  Drone  
  78  6:14  Evolution Chamber  
  78  6:15  Overseer  
  78  6:16  Drone x3  
  78  6:17  Queen  
  83  6:19  Overlord x2  
  83  6:22  Drone  
  83  6:24  Roach  
  83  6:25  Roach x2  
  90  6:29  Overlord  
  90  6:31  Ravager x4  
  94  6:34  Roach x2  
  94  6:38  Roach x2  
  102  6:54  Overlord x2  
  102  6:56  Zerg Missile Weapons Level 2, Zerg Ground Armor Level 1  
  102  6:59  Drone, Infestation Pit  
  102  7:00  Drone x2  
  102  7:01  Drone x6  
  110  7:04  Roach x2  
  109  7:22  Drone x4  
  112  7:23  Drone x2  
  112  7:26  Muscular Augments  
  112  7:29  Extractor x2  
  112  7:35  Hive  
  112  7:38  Hydralisk, Ravager  
  112  7:39  Hydralisk  
  112  7:40  Roach x4  
  112  7:41  Overlord  
  112  7:42  Drone  
  112  7:43  Drone  
  127  7:47  Overseer  
  127  7:50  Roach x4  
  135  7:52  Overseer  
  135  7:57  Overlord  
  135  7:58  Overlord x2  
  135  8:04  Hydralisk x2  
  141  8:05  Roach  
  141  8:06  Roach  
  141  8:07  Overlord  
  143  8:17  Hydralisk x4  
  151  8:26  Overlord x2  
  151  8:31  Hydralisk  
  151  8:32  Hydralisk x3  
  159  8:36  Roach  
  159  8:37  Roach x3  
  167  8:43  Drone  
  167  8:46  Ravager x2  
  167  8:47  Lurker Den, Ravager x2  
  167  8:48  Roach x4  
  179  8:56  Hydralisk  
  179  8:57  Roach  
  179  8:58  Roach x3  
  181  9:11  Zerg Ground Armor Level 2  
  181  9:15  Zerg Missile Weapons Level 3  
  179  9:25  Hydralisk x2  
  179  9:26  Roach x6  
  195  9:40  Unknown x2  
  195  9:42  Drone  
  195  9:43  Spine Crawler  
  195  9:48  Hydralisk x2, Ravager  
  200  10:00  Overseer, Pneumatized Carapace  
  200  10:01  Overseer  
  200  10:05  Hatchery  
  199  10:11  Hatchery  
  199  10:13  Adaptive Talons  
  192  10:15  Queen  
  192  10:17  Drone x2  
  192  10:25  Lurker  
  191  10:28  Overlord  
  191  10:29  Overlord x2  
  187  10:35  Overlord x2  
  187  10:36  Overlord  
  187  10:39  Spine Crawler  
  187  10:40  Spine Crawler  
  185  10:47  Overlord x2  
  185  10:49  Lurker  
  187  10:50  Lurker x2  
  187  10:52  Lurker  
  187  10:53  Lurker  
  187  10:55  Hydralisk, Lurker x2  
  187  10:56  Hydralisk x3  
  200  11:01  Unknown x2  
  200  11:03  Spine Crawler x2  
  190  11:20  Hydralisk  
  190  11:21  Hydralisk x2  
  190  11:22  Roach x7  
  199  11:30  Lurker  
  199  11:31  Lurker  
  188  11:35  Hydralisk x3  
  188  11:36  Hydralisk, Roach  
  188  11:37  Roach  
  188  11:38  Tunneling Claws  
  188  11:39  Burrow  
  194  12:01  Ravager x2  
  196  12:16  Spine Crawler  
  196  12:17  Spine Crawler  
  196  12:22  Spore Crawler  
  193  12:24  Spine Crawler  
  193  12:26  Drone x2  
  193  12:27  Drone x2  
  175  12:39  Hydralisk x4  
  175  12:40  Roach x9  
  175  12:41  Roach x2  
  187  12:51  Spire  
  182  12:58  Drone x5  
  180  12:59  Drone x3  
  180  13:00  Drone x3  
  180  13:03  Roach x11  
  189  13:13  Viper x3  
  189  13:16  Viper  
  189  13:17  Spine Crawler  
  189  13:19  Roach x4  
  200  13:20  Roach x3  
  165  14:07  Corruptor x16  
  200  14:11  Roach x6  
  196  14:23  Drone x2  
  166  14:25  Drone x3  
  166  14:26  Drone x4  
  157  14:37  Greater Spire  
  151  14:40  Queen  
  151  14:42  Hydralisk  
  151  14:43  Hydralisk x3  
  161  14:49  Zerg Ground Armor Level 3  
  161  14:50  Drone x2  
  161  14:51  Drone  
  164  14:55  Drone x4  
  168  15:00  Drone x2  
  168  15:04  Lurker x4  
  174  15:08  Hydralisk  
  174  15:09  Unknown  
  174  15:11  Extractor  
  175  15:15  Drone x2  
  177  15:27  Hydralisk x2  
  177  15:28  Roach x4  
  189  15:46  Hydralisk  
  189  15:47  Hydralisk x2  
  189  15:48  Roach x2  
  199  15:50  Zerg Flyer Weapons Level 1  
  199  15:52  Roach x3  
  199  15:53  Spine Crawler  
  199  15:56  Roach  
  199  15:57  Drone x2, Roach  
  198  16:02  Unknown x4  
  194  16:25  Corruptor x3  
  185  16:53  Hydralisk  
  175  16:54  Roach  
  175  16:55  Roach x5  
  175  16:56  Corruptor  
  175  16:57  Corruptor x10  
  168  17:11  Hydralisk x3  
  168  17:12  Hydralisk, Roach  
  168  17:13  Roach x4  
  182  17:18  Unknown x2  
  182  17:38  Unknown x2, Brood Lord x3  
  182  17:40  Brood Lord  
  188  17:56  Hydralisk x2  
  188  17:57  Roach x4  
  194  18:02  Brood Lord  
  191  18:18  Hydralisk  
  191  18:19  Roach x7  
  192  18:37  Hydralisk  
  192  18:38  Hydralisk x3  
  198  18:53  Brood Lord x2  
  200  18:57  Brood Lord  
  200  19:00  Brood Lord  
  200  19:03  Extractor x2  
  200  19:05  Extractor  
  197  19:10  Roach x2  
  197  19:11  Roach x10  
  197  19:13  Overseer x2  
  197  19:20  Overseer  
  194  19:25  Hydralisk, Hatchery  
  194  19:26  Hydralisk, Roach  
  194  19:27  Roach x3  
  185  19:43  Hydralisk  
  185  19:44  Roach x6  
  191  19:50  Hydralisk  
  191  19:51  Roach  
  161  20:00  Roach x4  
  165  20:07  Roach x4  
  172  20:15  Queen  
  172  20:18  Queen  
  172  20:21  Hydralisk, Roach  
  173  20:22  Roach x5, Hatchery  
  186  20:29  Hydralisk  
  186  20:30  Roach x3  
  182  20:50  Hydralisk  
  182  20:51  Roach x9  
  184  21:01  Hydralisk, Roach  
  184  21:02  Roach x6  
  198  21:06  Hydralisk  
  200  21:17  Roach x17  
  190  21:31  Hydralisk  
  190  21:32  Hydralisk, Roach  
  186  21:33  Roach x6  
  198  21:40  Hydralisk  
  180  21:55  Corruptor  
  180  21:56  Drone x7, Corruptor x2  
  179  22:10  Extractor  
  179  22:11  Extractor  
  179  22:12  Roach x9  
  179  22:14  Roach x14  
  179  22:15  Corruptor x2  
  181  22:24  Hatchery  
  178  22:41  Corruptor x3, Roach x6  
  178  22:42  Roach x9  
  170  22:52  Queen  
  170  22:56  Corruptor x3, Roach x13  
  176  23:12  Unknown  
  176  23:13  Unknown  
  176  23:15  Corruptor x2, Roach x10  
  172  23:27  Queen, Corruptor x2  
  176  23:41  Roach x9  
  192  23:48  Extractor  
  192  23:50  Extractor  
  190  23:57  Unknown  
  181  24:08  Hydralisk  
  181  24:09  Drone x5, Roach x8  
  169  24:20  Roach x10  
  151  24:24  Hatchery  
  150  24:35  Roach x9  
  150  24:37  Hydralisk  
  138  24:38  Roach x5  
  138  24:39  Roach  
  138  24:44  Drone x9  
  157  24:46  Drone  
  154  25:00  Unknown  
  154  25:07  Corruptor  
  154  25:09  Drone  
  154  25:10  Drone x4  
  154  25:11  Drone  
  158  25:21  Corruptor x2  
  139  25:28  Corruptor  
  129  25:38  Corruptor  
  129  25:43  Drone x14  
  129  25:44  Unknown  
  129  25:45  Drone x4  
  127  25:51  Corruptor  
  127  25:55  Corruptor  
  125  26:12  Drone x2  
  125  26:17  Corruptor  
  108  26:28  Drone x5  
  108  26:29  Drone x3  
  108  26:30  Corruptor  
  106  26:39  Drone x16  
  104  26:43  Hatchery  
Show
View Real Time Build Order
Export as new Build Order

Stephano Zerg - Winner!

Build Orders: Hatch First, Brood Lord Corruptor 

Get SALT Encoding   

  12  0:01  Drone  
  13  0:13  Overlord  
  13  0:18  Drone  
  14  0:31  Drone x2  
  14  0:35  Drone  
  17  0:53  Hatchery  
  17  0:55  Drone  
  17  0:58  Drone  
  18  1:10  Extractor  
  17  1:15  Spawning Pool  
  17  1:17  Drone  
  17  1:20  Drone  
  18  1:28  Drone  
  19  1:39  Overlord  
  19  2:01  Queen  
  19  2:02  Zergling x4  
  19  2:04  Queen  
  19  2:05  Zergling x2  
  26  2:13  Metabolic Boost  
  26  2:15  Drone  
  27  2:20  Drone  
  27  2:22  Drone  
  29  2:28  Drone  
  30  2:39  Hatchery  
  30  2:40  Drone  
  30  2:44  Drone  
  30  2:46  Drone  
  32  2:52  Drone  
  32  2:56  Queen  
  35  3:07  Drone  
  35  3:09  Drone, Baneling Nest  
  35  3:11  Overlord  
  36  3:18  Zergling x2, Extractor  
  37  3:23  Overlord  
  37  3:32  Zergling x4  
  37  3:33  Drone x2  
  37  3:34  Drone x2  
  43  3:41  Drone  
  43  3:45  Drone  
  44  3:49  Drone  
  44  3:54  Zergling x6  
  47  3:55  Baneling x2  
  47  3:56  Drone  
  47  3:57  Drone  
  47  4:02  Baneling  
  49  4:03  Zergling x2  
  49  4:06  Drone  
  51  4:12  Drone x2  
  51  4:14  Drone x2  
  51  4:15  Drone  
  56  4:19  Drone  
  57  4:25  Extractor x2  
  57  4:27  Evolution Chamber  
  57  4:28  Roach Warren  
  57  4:30  Overlord  
  55  4:34  Drone x2  
  57  4:39  Overlord  
  57  4:43  Overlord  
  57  4:45  Overlord  
  57  4:48  Lair  
  57  4:51  Drone x2  
  57  4:58  Drone x2  
  57  5:00  Drone x3, Overlord  
  57  5:02  Drone  
  57  5:03  Drone x2  
  57  5:04  Zerg Missile Weapons Level 1  
  57  5:06  Drone x2  
  64  5:08  Drone  
  64  5:09  Drone  
  65  5:15  Drone x3  
  68  5:22  Baneling  
  68  5:23  Drone x3  
  68  5:25  Extractor x2  
  69  5:33  Zergling x4  
  71  5:38  Zergling x4  
  71  5:39  Zergling x4  
  73  5:48  Overlord  
  73  5:50  Drone x3  
  73  5:51  Drone, Extractor  
  73  5:52  Drone  
  73  5:56  Drone x2, Glial Reconstitution  
  78  5:58  Roach  
  78  6:04  Roach x5  
  82  6:05  Roach, Hatchery  
  82  6:06  Drone  
  82  6:07  Drone  
  82  6:09  Drone  
  90  6:16  Drone x2  
  90  6:17  Drone x2  
  94  6:19  Drone  
  94  6:20  Infestation Pit  
  94  6:28  Drone  
  94  6:29  Drone x2  
  94  6:31  Burrow  
  97  6:36  Overlord  
  97  6:38  Roach x4  
  105  6:41  Unknown  
  105  6:43  Overlord  
  105  6:46  Overlord  
  104  6:51  Roach  
  105  6:54  Overlord x3  
  105  6:58  Pathogen Glands  
  105  7:03  Zerg Missile Weapons Level 2  
  105  7:12  Roach x7  
  111  7:20  Roach x4  
  116  7:22  Infestor  
  116  7:23  Infestor x2  
  116  7:27  Infestor  
  116  7:29  Roach  
  126  7:31  Overseer  
  126  7:36  Roach x2  
  130  7:40  Overlord  
  130  7:42  Queen  
  132  7:44  Ravager  
  132  7:45  Ravager  
  132  7:47  Ravager  
  132  7:48  Drone x3  
  132  7:50  Extractor x2  
  136  7:51  Overlord x2  
  136  7:54  Ravager  
  136  7:55  Drone x3  
  140  7:59  Drone x3  
  140  8:01  Roach x2  
  140  8:03  Ravager  
  148  8:05  Overseer  
  148  8:08  Pneumatized Carapace  
  148  8:10  Roach  
  150  8:14  Roach x2  
  150  8:19  Drone x4  
  158  8:20  Spine Crawler  
  158  8:21  Spine Crawler  
  158  8:24  Spine Crawler  
  155  8:30  Roach  
  155  8:31  Roach x5  
  167  8:40  Hatchery  
  166  8:41  Roach, Overlord  
  166  8:42  Overlord x2  
  168  9:09  Roach x11  
  183  9:10  Roach x3  
  183  9:13  Hive  
  183  9:16  Spire  
  176  9:20  Overseer  
  176  9:21  Ravager  
  176  9:22  Overlord, Ravager x4  
  181  9:34  Roach  
  181  9:35  Roach x4  
  191  9:46  Tunneling Claws  
  191  9:47  Zerg Ground Armor Level 1  
  191  10:04  Roach x4  
  191  10:26  Roach x6, Overlord  
  191  10:28  Greater Spire  
  191  10:29  Evolution Chamber  
  188  10:37  Drone x3  
  188  10:39  Spine Crawler  
  188  10:40  Spine Crawler  
  188  10:42  Spine Crawler  
  188  10:43  Spine Crawler  
  188  10:44  Ravager x4  
  188  10:46  Drone x3  
  188  10:49  Drone x4, Extractor x2  
  197  10:50  Drone x2  
  198  10:58  Zerg Missile Weapons Level 3  
  194  11:21  Infestor  
  194  11:22  Corruptor x2, Infestor x2  
  198  11:27  Roach x12  
  187  11:39  Corruptor x2  
  191  11:42  Spine Crawler  
  191  11:43  Spine Crawler  
  191  11:44  Spine Crawler  
  188  11:52  Roach, Ravager x4  
  192  11:56  Hatchery  
  192  11:57  Brood Lord x2  
  192  11:58  Roach  
  192  11:59  Roach x6  
  193  12:07  Roach x2  
  193  12:08  Roach  
  193  12:12  Brood Lord  
  193  12:13  Zerg Flyer Weapons Level 1, Brood Lord  
  195  12:25  Corruptor x3  
  176  12:44  Overseer  
  170  12:53  Infestor  
  170  12:54  Infestor x4  
  170  12:56  Corruptor x3  
  170  12:57  Corruptor  
  186  13:00  Brood Lord  
  188  13:09  Brood Lord  
  188  13:15  Brood Lord  
  188  13:17  Zerg Ground Armor Level 2  
  188  13:18  Drone x4  
  194  13:21  Drone x3  
  197  13:29  Roach x8  
  197  13:40  Infestor x2  
  193  13:51  Drone x2  
  193  13:52  Drone x3  
  193  13:53  Drone  
  199  14:05  Overseer  
  191  14:17  Spine Crawler  
  191  14:24  Drone x4  
  168  14:31  Extractor  
  168  14:36  Drone x2  
  168  14:38  Overseer, Hatchery  
  169  14:39  Brood Lord  
  169  14:40  Spine Crawler x2, Brood Lord x3  
  169  14:41  Infestor x5  
  169  14:42  Spine Crawler  
  169  14:43  Zerg Melee Weapons Level 1  
  169  14:45  Drone x7  
  189  14:47  Drone x4, Spine Crawler  
  189  14:48  Extractor x2  
  191  15:00  Drone x3, Spine Crawler  
  199  15:21  Roach x3  
  199  15:22  Adrenal Glands  
  199  15:24  Drone  
  200  15:28  Spine Crawler  
  200  15:29  Spine Crawler x2  
  197  15:38  Hatchery, Overlord x3  
  196  16:04  Lair  
  186  16:45  Drone x4  
  167  17:09  Drone x7  
  167  17:12  Infestor  
  167  17:13  Infestor x5  
  167  17:14  Drone x3  
  167  17:15  Drone x4  
  193  17:17  Lair, Zerg Melee Weapons Level 2  
  193  17:18  Hive  
  193  17:26  Drone x2  
  193  17:27  Spine Crawler x2  
  193  17:29  Spine Crawler  
  192  17:33  Infestor  
  192  17:34  Spine Crawler, Infestor x3  
  192  17:35  Spine Crawler  
  192  17:36  Spine Crawler x2  
  196  17:38  Spine Crawler  
  196  17:39  Spine Crawler  
  196  17:42  Spire  
  184  17:53  Unknown  
  184  17:54  Unknown x7  
  176  17:59  Infestor x3  
  176  18:00  Infestor  
  176  18:17  Infestor x2  
  176  18:18  Infestor x5  
  176  18:19  Drone x2  
  192  18:21  Extractor  
  192  18:23  Extractor  
  164  18:34  Roach  
  164  18:35  Roach x17  
  188  18:51  Infestor x3  
  194  18:57  Roach x3  
  194  18:59  Greater Spire  
  194  19:02  Extractor  
  193  19:04  Roach x18  
  193  19:06  Spine Crawler  
  193  19:07  Spine Crawler x2  
  193  19:08  Spine Crawler  
  189  19:11  Drone x5, Spine Crawler x2  
  189  19:14  Drone x4, Extractor  
  189  19:15  Spine Crawler, Extractor  
  193  19:18  Drone x2  
  171  19:33  Corruptor x7  
  172  20:01  Infestor x3  
  172  20:02  Infestor  
  172  20:03  Corruptor  
  172  20:05  Drone x4  
  182  20:20  Brood Lord x2  
  178  20:23  Zerg Melee Weapons Level 3  
  178  20:31  Drone  
  179  20:36  Zerg Flyer Weapons Level 2  
  179  20:45  Brood Lord  
  179  20:46  Brood Lord  
  175  20:56  Brood Lord x2  
  162  21:04  Brood Lord  
  162  21:08  Drone x2  
  166  21:20  Hatchery  
  163  21:30  Zergling x6  
  163  21:31  Zergling x32  
  182  21:33  Overseer  
  182  21:34  Overseer  
  182  21:37  Drone x2  
  182  21:39  Zergling x2  
  185  21:40  Zergling x6  
  185  21:45  Drone x6  
  183  22:09  Queen, Overlord  
  183  22:12  Overlord x2  
  184  22:21  Hatchery  
  183  22:28  Extractor  
  183  22:29  Extractor  
  181  22:34  Drone x2  
  170  22:39  Drone x6  
  170  22:40  Drone x3  
  173  22:45  Zergling x14  
  178  23:01  Hatchery  
  170  23:07  Zergling x18  
  170  23:09  Infestor x4  
  184  23:21  Overseer  
  184  23:24  Zergling x12  
  188  23:31  Overseer  
  187  23:38  Zergling x10  
  150  24:19  Corruptor x8  
  158  24:33  Drone x2  
  158  24:34  Drone x2  
  158  24:35  Drone  
  158  24:38  Spine Crawler x2  
  154  24:40  Infestor  
  154  24:41  Infestor x2  
  154  24:54  Brood Lord x8  
  154  24:55  Overseer  
  168  25:12  Zergling x12  
  168  25:14  Overlord x2  
  173  25:32  Drone x2  
  173  25:34  Drone  
  176  25:35  Drone  
  176  25:36  Drone x2  
  178  25:49  Drone x2  
  180  25:50  Drone x2  
  180  25:51  Drone  
  177  26:21  Overlord x3  
  168  26:33  Hatchery, Overlord  
  168  26:34  Overlord  
  167  26:45  Hatchery  
  167  26:46  Hatchery  
  166  26:48  Overseer  
Tags
 
Add a new tag
Caveats
  • Supply blocks, unpowered buildings, or Contaminate may cause inaccurate times.
  • Supply counts are checked every 10 seconds.